[Event "Late-Titled-Tuesday-Blitz-April-02-2024"]
[Site "Chess.com"]
[Date "2024.04.02"]
[Round "10"]
[White "lcmil"]
[Black "vova-79"]
[Result "0-1"]
[WhiteElo "2305"]
[BlackElo "2569"]
[TimeControl "180+1"]
[EndTime "15:50:26 PDT"]
[Termination "vova-79 won by resignation"]

1. e4 e6 2. d4 d5 3. Nc3 dxe4 4. Nxe4 Nd7 5. Nf3 Ngf6 6. Bd3 c5 7. dxc5 Nxe4 8. Bxe4 Nxc5 9. Qxd8+ Kxd8 10. Bd3 Nxd3+ 11. cxd3 f6 12. d4 Bd7 13. O-O Bc6 14. Re1 Kd7 15. Bd2 Bd6 16. Bc3 Rac8 17. Nd2 b6 18. Ne4 Bb8 19.
Rad1 Bd5 20. a3 Bb3 21. Rd2 Bd5 22. f3 Bf4 23. Rdd1 Bb3 24. Rd3 Bc2 25. Rde3 Bxe3+ 26. Rxe3 Rc6 27. Kf2 Rhc8 28. h4 Bb3 29. h5 h6 30.
g4 Bd5 31. Ng3 Ke7 32. f4 Kf7 33. g5 hxg5 34. fxg5 fxg5 35. Re5 Rxc3 36. bxc3 Rxc3 37. Rxg5 Rxa3 0-1

[Event "Late-Titled-Tuesday-Blitz-April-02-2024"]
[Site "Chess.com"]
[Date "2024.04.02"]
[Round "10"]
[White "Zavgorodniy_Sergiy"]
[Black "ImportedItalianMaple"]
[Result "1-0"]
[WhiteElo "2644"]
[BlackElo "2521"]
[TimeControl "180+1"]
[EndTime "15:50:32 PDT"]
[Termination "Zavgorodniy_Sergiy won by resignation"]

1. d4 g6 2. c4 Bg7 3. Nf3 a6 4. Nc3 d6 5. e4 Nc6 6. Be2 Bg4 7. Be3 e5 8. d5 Nce7 9. Nd2 Bd7 10. O-O b6 11. f4 exf4 12. Bxf4 f5 13. Nf3 Nf6 14. e5 dxe5 15. Bxe5 O-O 16. Nd4 Re8 17. Bf3 Rc8 18. Re1 c5 19. Nc2 b5 20. b3 b4 21. Ne2 Nexd5 22.
Bxd5+ Nxd5 23. Qxd5+ Be6 24. Qxd8 Rcxd8 25. Bxg7 Rd2 26.
Nf4 Kxg7 27. Rxe6 Rxe6 28. Nxe6+ Kf6 29. Nxc5 Rxc2 30. Nxa6 g5 31. Nxb4 Rd2 32. a4 f4 33.
a5 g4 34. a6 1-0

[Event "Late-Titled-Tuesday-Blitz-April-02-2024"]
[Site "Chess.com"]
[Date "2024.04.02"]
[Round "10"]
[White "Szachulec75"]
[Black "cedchass2006"]
[Result "0-1"]
[WhiteElo "2079"]
[BlackElo "2425"]
[TimeControl "180+1"]
[EndTime "15:50:39 PDT"]
[Termination "cedchass2006 won by resignation"]

1. Nf3 d5 2. g3 Nf6 3. Bg2 Nc6 4. O-O e5 5. d3 Be6 6. c3 Qd7 7. Re1 Bh3 8. Bh1 h5 9. Bg5 Nh7 10. e4 Nxg5 11. Nxg5 Bg4 12. Qb3 dxe4 13. Qxb7 Rb8 14.
Qa6 Rb6 15. Qc4 exd3 16. Nxf7 Be6 17. Nxe5 Bxc4 18. Nxd7+ Kxd7 19. Nd2 Bf7 20. Re3 Rxb2 21. Rxd3+ Bd6 22. Nb3 Bxb3 0-1

[Event "Late-Titled-Tuesday-Blitz-April-02-2024"]
[Site "Chess.com"]
[Date "2024.04.02"]
[Round "10"]
[White "newauto"]
[Black "SmirnovTimofey2000"]
[Result "1-0"]
[WhiteElo "2196"]
[BlackElo "1957"]
[TimeControl "180+1"]
[EndTime "15:50:40 PDT"]
[Termination "newauto won by resignation"]

1. d4 d5 2. c4 c6 3. Nc3 Nf6 4. Nf3 e6 5. Bg5 dxc4 6. e3 b5 7. b3 cxb3 8. Qxb3 Nbd7 9. Bd3 Be7 10. O-O O-O 11. Rfc1 Bb7 12. a4 a6 13. e4 h6 14.
Bh4 c5 15. e5 c4 16. exf6 Nxf6 17. Bxc4 bxc4 18. Qxb7 Rb8 19. Qxa6 Nd5 20. Bxe7 Nxe7 21. Qxc4 Nf5 22. a5 Rc8 23. Qd3 Nxd4 24. Qxd4 1-0

[Event "Late-Titled-Tuesday-Blitz-April-02-2024"]
[Site "Chess.com"]
[Date "2024.04.02"]
[Round "10"]
[White "dedpihto_v_kozhanom_palto"]
[Black "Mikhail_Golubev"]
[Result "1/2-1/2"]
[WhiteElo "2715"]
[BlackElo "2634"]
[TimeControl "180+1"]
[EndTime "15:50:49 PDT"]
[Termination "Game drawn by repetition"]

1. c4 g6 2. Nc3 Bg7 3. d4 d6 4.
e4 Nf6 5. f4 O-O 6. Nf3 c5 7. d5 e6 8. Be2 exd5 9. cxd5 b5 10.
Bxb5 Nxe4 11. O-O Nxc3 12. bxc3 Bxc3 13. Rb1 Bf5 14. Bd3 Bxd3 15. Qxd3 Bg7 16. f5 Nd7 17. fxg6 fxg6 18. Bg5 Ne5 19. Nxe5 Qxg5 20. Nc6 Rae8 21. h3 Rxf1+ 22. Rxf1 Qe3+ 23. Qxe3 Rxe3 24. Nxa7 Ra3 25. Nb5 Rxa2 26. Nxd6 Rd2 27. Rb1 Rxd5 28. Rb8+ Bf8 29.
Ne4 Kf7 30. Kf2 Be7 31. Rc8 h5 32. Ke3 h4 33. Rc6 Rf5 34. Rc7 Ke6 35. Rc6+ Kf7 36. Rc7 Ke6 37. Rc6+ Kf7 1/2-1/2

[Event "Late-Titled-Tuesday-Blitz-April-02-2024"]
[Site "Chess.com"]
[Date "2024.04.02"]
[Round "10"]
[White "santosalberto1987"]
[Black "Hirna2005"]
[Result "1-0"]
[WhiteElo "2525"]
[BlackElo "2345"]
[TimeControl "180+1"]
[EndTime "15:51:05 PDT"]
[Termination "santosalberto1987 won by resignation"]

1. e4 g6 2. d4 Bg7 3. Nf3 d6 4. Nc3 a6 5. Be3 b5 6. Bd3 Bb7 7.
h4 h6 8. e5 e6 9. Ne4 Nc6 10.
Bf4 Nxd4 11. exd6 Nxf3+ 12. Qxf3 c6 13. Nc5 e5 14. Nxb7 Qb6 15. Be4 Rc8 16. O-O-O Kd7 17.
Be3 1-0

[Event "Late-Titled-Tuesday-Blitz-April-02-2024"]
[Site "Chess.com"]
[Date "2024.04.02"]
[Round "10"]
[White "dropstoneDP"]
[Black "Kazan28"]
[Result "1-0"]
[WhiteElo "2998"]
[BlackElo "2699"]
[TimeControl "180+1"]
[EndTime "15:51:07 PDT"]
[Termination "dropstoneDP won by resignation"]

1. e4 e5 2. Nf3 Nc6 3. Bc4 Nf6 4. d3 Be7 5. Nc3 O-O 6. a3 d6 7. h3 Be6 8. Nd5 Qd7 9. O-O Bd8 10. Bg5 Ne8 11. Be3 Nf6 12. Bg5 Ne8 13. Be3 Nf6 14.
Nxf6+ Bxf6 15. Bxe6 Qxe6 16. c4 g6 17. b4 Bg7 18.
Rc1 f5 19. exf5 gxf5 20. d4 Qg6 21. b5 Ne7 22. dxe5 dxe5 23. Qd7 Qd6 24. Rfd1 Qf6 25.
Bg5 Qg6 26. Bxe7 Rf7 27. Ng5 Bh6 28. Nxf7 Bxc1 29. Nxe5 1-0

[Event "Late-Titled-Tuesday-Blitz-April-02-2024"]
[Site "Chess.com"]
[Date "2024.04.02"]
[Round "10"]
[White "N_Mullodzhanov"]
[Black "fmcabralis"]
[Result "1-0"]
[WhiteElo "2542"]
[BlackElo "2390"]
[TimeControl "180+1"]
[EndTime "15:51:15 PDT"]
[Termination "N_Mullodzhanov won by resignation"]

1. e4 c5 2. c3 d5 3. exd5 Qxd5 4. d4 Nf6 5. Nf3 Bg4 6. Nbd2 cxd4 7. Bc4 Qd6 8. Qb3 Qb6 9. Bxf7+ Kd8 10. Qxb6+ axb6 11. Nxd4 Nc6 12. Ne6+ Kd7 13. Nxf8+ Rhxf8 14. Bb3 Ne5 15. Bc2 b5 16. O-O Nc4 17. Ne4 b6 18. f3 Bh5 19. b3 Ne5 20. Bb2 Rac8 21. Rad1+ Ke8 22. c4 Ned7 23. Nxf6+ Nxf6 24. Bd3 bxc4 25. Bxc4 Bf7 26. Bb5+ 1-0

[Event "Late-Titled-Tuesday-Blitz-April-02-2024"]
[Site "Chess.com"]
[Date "2024.04.02"]
[Round "10"]
[White "NikitaShnadrygin"]
[Black "Jospem"]
[Result "0-1"]
[WhiteElo "2696"]
[BlackElo "3028"]
[TimeControl "180+1"]
[EndTime "15:51:22 PDT"]
[Termination "Jospem won by resignation"]

1. Nf3 a6 2. g3 g6 3. Bg2 Bg7 4. d4 d6 5. O-O Nf6 6. b3 O-O 7. Bb2 b5 8. Nbd2 Bb7 9. c4 Nbd7 10. Rc1 c5 11. e3 Rc8 12. Qe2 Qa5 13. a3 Qb6 14. Ba1 b4 15. a4 Rfe8 16. Rfd1 e6 17. Qd3 e5 18. dxe5 dxe5 19. e4 Rcd8 20.
Qc2 Qc7 21. Ne1 Nb8 22. Nf1 Nc6 23. Ne3 Nd4 24. Bxd4 Rxd4 25. Nd5 Qd8 26. Nf3 Rxd1+ 27.
Rxd1 Qb8 28. Nd2 Nd7 29. Bh3 Nf8 30. Nf1 Bc8 31. Bxc8 Qxc8 32. Qd3 Ne6 33. Nd2 Qb7 34. h4 h5 35. Nf3 Rf8 36. Ng5 Nd4 37. Nf3 f5 38.
Nxd4 cxd4 39. f4 Kh8 40. Re1 fxe4 41. Rxe4 Qf7 42. Qe2 Qf5 43. Kg2 a5 44. fxe5 d3 45.
Qxd3 Qf2+ 46. Kh3 Rf3 0-1

[Event "Late-Titled-Tuesday-Blitz-April-02-2024"]
[Site "Chess.com"]
[Date "2024.04.02"]
[Round "10"]
[White "xberli"]
[Black "Bala-Afiada"]
[Result "1-0"]
[WhiteElo "2602"]
[BlackElo "1947"]
[TimeControl "180+1"]
[EndTime "15:51:22 PDT"]
[Termination "xberli won on time"]

1. c4 e6 2. Nc3 d5 3. Nf3 dxc4 4. e3 Nf6 5. Bxc4 Be7 6. b3 O-O 7. Bb2 c5 8. g4 Nc6 9. g5 Nd7 10. Rg1 a6 11. Ne4 b5 12. Bd3 Nb4 13. Bb1 c4 14. Nd4 Nd3+ 15. Bxd3 cxd3 16. Qh5 e5 17. Nc6 Qe8 18. Nxe7+ Qxe7 19. f4 g6 20. Qh6 f6 21.
Rc1 Bb7 22. gxf6 Nxf6 23. Nxf6+ Qxf6 24. Bxe5 Qf7 25. Rc7 Rac8 26. Rxg6+ Qxg6 27. Rg7+ Kh8 28. Rxg6+ 1-0

[Event "Late-Titled-Tuesday-Blitz-April-02-2024"]
[Site "Chess.com"]
[Date "2024.04.02"]
[Round "10"]
[White "rcmz"]
[Black "Darkdefense15"]
[Result "0-1"]
[WhiteElo "2211"]
[BlackElo "2383"]
[TimeControl "180+1"]
[EndTime "15:51:28 PDT"]
[Termination "Darkdefense15 won on time"]

1. b4 d5 2. Bb2 c6 3. e3 a5 4.
b5 Nf6 5. f4 Nbd7 6. Nf3 e6 7.
c4 Nc5 8. Nc3 dxc4 9. Bxc4 Nd3+ 10. Bxd3 Qxd3 11. Ne5 Qd8 12. bxc6 bxc6 13. O-O Bd6 14.
Qa4 O-O 15. Ne4 Ba6 16. Nxc6 Qb6 17. Bd4 Qb5 18. Nxf6+ gxf6 19. Qc2 Rfc8 20. Rf3 f5 21. Rc1 Bb7 22. Rg3+ Kf8 0-1

[Event "Late-Titled-Tuesday-Blitz-April-02-2024"]
[Site "Chess.com"]
[Date "2024.04.02"]
[Round "10"]
[White "VD_coach"]
[Black "tgpgoat"]
[Result "1-0"]
[WhiteElo "2591"]
[BlackElo "2443"]
[TimeControl "180+1"]
[EndTime "15:51:34 PDT"]
[Termination "VD_coach won by resignation"]

1. d4 Nf6 2. c4 c5 3. e3 cxd4 4.
exd4 g6 5. Nc3 d5 6. Nf3 Bg7 7. cxd5 Nxd5 8. Bc4 Nxc3 9. bxc3 O-O 10. O-O Qc7 11. Bb3 Nc6 12. Re1 Bg4 13. h3 Bf5 14.
Bg5 Rfe8 15. Bh4 e5 16. Ng5 Rf8 17. g4 h6 18. Nxf7 Rxf7 19. gxf5 gxf5 20. Qh5 Rf8 21. dxe5 Nxe5 22. Bg3 Qxc3 23. Bxe5 Bxe5 24. Qg6+ Kh8 25. Qxh6+ Kg8 26. Qg6+ Kh8 27. Bxf7 Qxh3 28. Rxe5 1-0

[Event "Late-Titled-Tuesday-Blitz-April-02-2024"]
[Site "Chess.com"]
[Date "2024.04.02"]
[Round "10"]
[White "stollenmonster"]
[Black "Msb2"]
[Result "0-1"]
[WhiteElo "2872"]
[BlackElo "3043"]
[TimeControl "180+1"]
[EndTime "15:51:36 PDT"]
[Termination "Msb2 won by resignation"]

1. e4 e6 2. Nc3 d5 3. g3 dxe4 4. Nxe4 Bd7 5. Bg2 Bc6 6. Kf1 Be7 7. Ne2 Nf6 8. N2c3 O-O 9. d3 Nxe4 10. Nxe4 f5 11.
Nc3 e5 12. Qe2 Bf6 13. Bd2 Qd7 14. Re1 Bxg2+ 15. Kxg2 Nc6 16. Qf3 e4 17. Qd1 Rad8 18. Bf4 g5 19. Be3 f4 20. gxf4 gxf4 21. Bxf4 Bxc3 22. Rxe4 Bxb2 23. Bg3 Be5 24. Qh5 Bxg3 25. hxg3 Qf5 26. Qe2 Nd4 27. Qe3 Nxc2 28. Qe2 Nd4 29. Qe3 Qf3+ 30. Qxf3 Nxf3 31. Re7 Ng5 32. Rxc7 Rf7 33.
Rc2 Rxd3 34. f4 Ne4 0-1

[Event "Late-Titled-Tuesday-Blitz-April-02-2024"]
[Site "Chess.com"]
[Date "2024.04.02"]
[Round "10"]
[White "PetrolulSah"]
[Black "AlexandreHouhou"]
[Result "0-1"]
[WhiteElo "2217"]
[BlackElo "2368"]
[TimeControl "180+1"]
[EndTime "15:51:36 PDT"]
[Termination "AlexandreHouhou won on time"]

1. d4 d5 2. c4 c6 3. cxd5 cxd5 4. Bf4 Nf6 5. e3 Nc6 6. Nc3 Bf5 7. Qb3 Na5 8. Bb5+ Bd7 9. Qa4 Bc6 10. b4 a6 11.
bxa5 axb5 12. Nxb5 Rxa5 13. Qc2 Rxb5 14. Nf3 Qa5+ 15.
Nd2 Ne4 16. f3 Nxd2 17. Qxd2 Qxd2+ 18. Kxd2 e6 19. Rab1 Rxb1 20. Rxb1 Kd7 21. a4 Bd6 22. Bxd6 Kxd6 23. a5 Ra8 24. Ra1 Ra6 25. Kc3 b6 26. Kb4 bxa5+ 27. Rxa5 Rxa5 28. Kxa5 Bd7 29. Kb6 Ba4 30. Kb7 Bd1 31. Kb6 Be2 32. Kb7 f6 33. Kb6 e5 34. Kb7 Bf1 35. g3 Bg2 36. f4 exd4 37.
exd4 Ke6 38. g4 Bh3 39. g5 fxg5 40. fxg5 Kf5 41. Kc6 Bg2 42. h4 Ke4 43. Kc5 Bf3 0-1

[Event "Late-Titled-Tuesday-Blitz-April-02-2024"]
[Site "Chess.com"]
[Date "2024.04.02"]
[Round "10"]
[White "Balla_Tamas"]
[Black "laskakid"]
[Result "0-1"]
[WhiteElo "2496"]
[BlackElo "2326"]
[TimeControl "180+1"]
[EndTime "15:51:39 PDT"]
[Termination "laskakid won by resignation"]

1. Nf3 d6 2. b3 e5 3. e4 Nf6 4.
Nc3 Be7 5. Bb2 O-O 6. d4 Nbd7 7. Bc4 c6 8. a4 h6 9. O-O Re8 10. Qe2 a5 11. Rad1 Qc7 12. dxe5 dxe5 13. h3 Bb4 14.
Nb1 b6 15. Nh2 Nf8 16. Kh1 Ng6 17. Nd2 Nf4 18. Qe3 Bc5 19. Qe1 Bd7 20. Ndf3 Re7 21.
Qd2 Rae8 22. Nxe5 Nxh3 23. Nxd7 Rxd7 24. Qe2 Rxd1 25. Rxd1 Nxf2+ 26. Kg1 Nxd1+ 27. Kf1 Nxb2 28. Bd3 Qxh2 0-1

[Event "Late-Titled-Tuesday-Blitz-April-02-2024"]
[Site "Chess.com"]
[Date "2024.04.02"]
[Round "10"]
[White "Itay121"]
[Black "GoltsevDmitry2000"]
[Result "0-1"]
[WhiteElo "2557"]
[BlackElo "2777"]
[TimeControl "180+1"]
[EndTime "15:51:41 PDT"]
[Termination "GoltsevDmitry2000 won by checkmate"]

1. e4 e6 2. d4 d5 3. Nd2 c5 4.
dxc5 Bxc5 5. Bd3 Nf6 6. Qe2 Nc6 7. Ngf3 O-O 8. Nb3 dxe4 9. Nxc5 exf3 10. Qe3 fxg2 11. Rg1 Nd4 12. Bd2 Qd5 13. Ne4 Ng4 14. Qh3 f5 15. c4 fxe4 16. cxd5 Nf3+ 17. Ke2 exd3+ 18. Kxd3 Nxf2+ 19. Ke3 Nxh3 20. Rxg2 Nxd2 21. Rxd2 exd5 22. Rxd5 Bg4 23. Rc1 Rad8 24. Rb5 Rfe8+ 25. Re5 Rxe5# 0-1

[Event "Late-Titled-Tuesday-Blitz-April-02-2024"]
[Site "Chess.com"]
[Date "2024.04.02"]
[Round "10"]
[White "elcala"]
[Black "protectiago"]
[Result "1-0"]
[WhiteElo "1846"]
[BlackElo "2046"]
[TimeControl "180+1"]
[EndTime "15:51:42 PDT"]
[Termination "elcala won by resignation"]

1. d4 Nf6 2. Nf3 g6 3. Bf4 Bg7 4. c3 O-O 5. Qc1 c5 6. Bh6 cxd4 7. cxd4 Nc6 8. Bxg7 Kxg7 9. Nc3 d5 10. a3 Bf5 11. e3 Rc8 12. Qd2 Na5 13. Qd1 a6 14. Be2 b5 15. O-O Nc4 16. Bxc4 Rxc4 17. Nh4 Bc8 18. f4 Qb6 19. Nf3 Bg4 20. h3 Bxf3 21. Qxf3 e6 22. g4 Rfc8 23. g5 Ne4 24. Nxe4 dxe4 25.
Qxe4 Rc2 26. Rf2 b4 27. Rxc2 1-0

[Event "Late-Titled-Tuesday-Blitz-April-02-2024"]
[Site "Chess.com"]
[Date "2024.04.02"]
[Round "10"]
[White "FairChess_on_YouTube"]
[Black "Rsnr"]
[Result "1-0"]
[WhiteElo "3053"]
[BlackElo "2886"]
[TimeControl "180+1"]
[EndTime "15:51:47 PDT"]
[Termination "FairChess_on_YouTube won by resignation"]

1. d4 Nf6 2. c4 e6 3. Nf3 d5 4. Bg5 dxc4 5. e4 Bb4+ 6. Nc3 c5 7. Bxc4 cxd4 8. Nxd4 Bxc3+ 9. bxc3 Qa5 10. Bxf6 Qxc3+ 11. Kf1 gxf6 12. Rc1 Qa5 13. h4 Ke7 14.
Rh3 Nc6 15. Nxc6+ bxc6 16. Rd3 Rd8 17. Rxd8 Qxd8 18. Qh5 Qd4 19. Be2 Rb8 20. Rd1 Qe5 21. Qxh7 Rb2 22. Bh5 Ba6+ 23. Kg1 Bd3 24. Qxf7+ Kd6 25.
Rxd3+ Kc5 26. Qxa7+ Kc4 27. Qa6+ Rb5 28. Be2 Kc5 29.
Qa7+ 1-0

[Event "Late-Titled-Tuesday-Blitz-April-02-2024"]
[Site "Chess.com"]
[Date "2024.04.02"]
[Round "10"]
[White "misterlamine"]
[Black "GoValya"]
[Result "0-1"]
[WhiteElo "2421"]
[BlackElo "2260"]
[TimeControl "180+1"]
[EndTime "15:51:49 PDT"]
[Termination "GoValya won by resignation"]

1. d4 d5 2. Nf3 Nf6 3. Bf4 g6 4. e3 Bg7 5. Be2 O-O 6. O-O c6 7. h3 b5 8. Nbd2 Bf5 9. a4 b4 10. a5 Nbd7 11. Nb3 Ne4 12. Qe1 c5 13. dxc5 Bxb2 14.
Ra2 Bc3 15. Qd1 Ndxc5 16. Nbd4 Bxd4 17. Nxd4 Nc3 18. Qa1 Bd7 19. Rb2 N5a4 20. Rxb4 f6 21. Bb5 e5 22. Bh6 exd4 23. Bxa4 Rf7 24. Bxd7 Qxd7 25.
Rxd4 Ne2+ 26. Kh1 Nxd4 27. Qxd4 Re8 28. Rd1 Rd8 29. c4 dxc4 30. Qxd7 Rfxd7 31. Rd4 Rxd4 32. exd4 Rxd4 33. Be3 Rd1+ 34. Kh2 c3 35. Bxa7 c2 36.
Be3 c1=Q 37. Bxc1 Rxc1 0-1

[Event "Late-Titled-Tuesday-Blitz-April-02-2024"]
[Site "Chess.com"]
[Date "2024.04.02"]
[Round "10"]
[White "Manukyan_Artak"]
[Black "smotherhubbard"]
[Result "1-0"]
[WhiteElo "2517"]
[BlackElo "2378"]
[TimeControl "180+1"]
[EndTime "15:51:50 PDT"]
[Termination "Manukyan_Artak won by resignation"]

1. e4 e6 2. d4 d5 3. e5 c5 4. c3 Nc6 5. Nf3 Bd7 6. a3 c4 7.
Nbd2 f6 8. b4 cxb3 9. Nxb3 fxe5 10. dxe5 Nge7 11. Bd3 Nc8 12. O-O Be7 13. Nfd4 Nxe5 14.
Qh5+ Nf7 15. f4 g6 16. Qe2 Qb6 17. Be3 Qd6 18. Nb5 Bxb5 19. Bxb5+ Kd8 20. Bd4 Rf8 21. Nc5 Qxc5 22. Bxc5 Bxc5+ 23. Kh1 Ke7 24. Rae1 Nd8 25. Bd3 Nd6 26. g4 Kd7 27. f5 exf5 28. Qe7+ Kc6 29. Qxf8 1-0

[Event "Late-Titled-Tuesday-Blitz-April-02-2024"]
[Site "Chess.com"]
[Date "2024.04.02"]
[Round "10"]
[White "The_Straightforward_Rook"]
[Black "youngdinousaur"]
[Result "1-0"]
[WhiteElo "2369"]
[BlackElo "2235"]
[TimeControl "180+1"]
[EndTime "15:51:54 PDT"]
[Termination "The_Straightforward_Rook won by resignation"]

1. e4 c5 2. c3 Nf6 3. e5 Nd5 4. Nf3 e6 5. Bc4 Nc6 6. O-O d6 7. d4 cxd4 8. cxd4 Nb6 9. Bb3 Be7 10. Qe2 O-O 11. Nc3 a6 12. Bf4 dxe5 13. dxe5 Qc7 14. Rac1 Rd8 15. h4 Bd7 16. Bc2 h6 17. Qe4 g6 18.
Bxh6 Be8 19. h5 Nb4 20. Bb1 Qc4 21. hxg6 fxg6 22. Qe3 N6d5 23. Nxd5 Qxd5 24. Bg5 Qd7 25. Bxe7 Qxe7 26. Ng5 Rac8 27. Ne4 Kg7 28. Nd6 Rxc1 29.
Rxc1 Bc6 30. Qg3 Be8 31. Be4 Nd5 32. a3 Rd7 33. Rc8 Bf7 34. Qf3 Rc7 35. Bxd5 exd5 36.
Qxf7+ Qxf7 37. Rxc7 Qxc7 38. Ne8+ Kf7 39. Nxc7 1-0

[Event "Late-Titled-Tuesday-Blitz-April-02-2024"]
[Site "Chess.com"]
[Date "2024.04.02"]
[Round "10"]
[White "giomar27"]
[Black "Statham_01"]
[Result "0-1"]
[WhiteElo "2492"]
[BlackElo "2621"]
[TimeControl "180+1"]
[EndTime "15:51:58 PDT"]
[Termination "Statham_01 won by checkmate"]

1. Nc3 Nf6 2. e4 e5 3. d4 exd4 4. Qxd4 Nc6 5. Qd3 Bc5 6. Bf4 d6 7. Qd2 Be6 8. O-O-O a6 9. f3 b5 10. Kb1 Ne5 11. g4 Nc4 12. Bxc4 bxc4 13. g5 Nd7 14. Nge2 O-O 15. Nd4 Nb6 16. Nf5 Rb8 17. Ka1 Bb4 18. a3 a5 19. Qd4 Bxf5 20. exf5 Qc8 21. f6 c5 22. Qe3 Re8 23. Qc1 Bxc3 24. bxc3 Na4 25.
Bxd6 Rb6 26. Qd2 Qb7 27. Rhe1 Rd8 28. Bxc5 Rbd6 29. Bxd6 Qb2# 0-1

[Event "Late-Titled-Tuesday-Blitz-April-02-2024"]
[Site "Chess.com"]
[Date "2024.04.02"]
[Round "10"]
[White "guillembaches"]
[Black "wild3000"]
[Result "1/2-1/2"]
[WhiteElo "2574"]
[BlackElo "2425"]
[TimeControl "180+1"]
[EndTime "15:51:58 PDT"]
[Termination "Game drawn by repetition"]

1. d4 Nf6 2. Nf3 g6 3. Bg5 Bg7 4. Nbd2 d5 5. e3 O-O 6. Be2 c6 7. O-O Nbd7 8. c4 dxc4 9. Nxc4 Ne4 10. Bf4 Nb6 11. Nxb6 Qxb6 12. Qc2 Bf5 13. Bd3 Nd6 14.
e4 Bg4 15. Ne5 Be6 16. Be3 Qa5 17. Bd2 Qc7 18. Rac1 Rad8 19. Rfd1 f6 20. Nc4 Nb5 21.
d5 cxd5 22. exd5 Bxd5 23. Be3 Nd6 24. Nxd6 Qxc2 25. Bxc2 Rxd6 26. Rxd5 Rxd5 27. Bb3 e6 28. Bxd5 exd5 29. Rc7 Rf7 30. Rc8+ Rf8 31. Rc7 Rf7 32. Rc8+ Rf8 33. Rc7 1/2-1/2

[Event "Late-Titled-Tuesday-Blitz-April-02-2024"]
[Site "Chess.com"]
[Date "2024.04.02"]
[Round "10"]
[White "yaguigor"]
[Black "Inepton_Fermion"]
[Result "1-0"]
[WhiteElo "2613"]
[BlackElo "2475"]
[TimeControl "180+1"]
[EndTime "15:52:03 PDT"]
[Termination "yaguigor won by resignation"]

1. Nf3 d5 2. d4 Nf6 3. c4 dxc4 4. e3 Bg4 5. Bxc4 e6 6. Qb3 Bxf3 7. gxf3 Nbd7 8. Qxb7 c5 9. dxc5 Bxc5 10. Nc3 O-O 11.
f4 e5 12. f5 Rb8 13. Qg2 Nb6 14. Rg1 Ne8 15. Be2 Bb4 16. Bd2 f6 17. Bb5 Rf7 18. O-O-O Qc7 19. Qc6 Qxc6 20. Bxc6 Rc7 21. Bxe8 Rxe8 22.
Kb1 Bxc3 23. Bxc3 Na4 24. Rc1 Kf7 25. Rg4 Nb6 26. Ba5 Rxc1+ 27. Kxc1 Nd5 28. Rc4 Rb8 29.
e4 Ne7 30. Rc7 g6 31. a3 gxf5 32. Bb4 Re8 33. exf5 1-0

[Event "Late-Titled-Tuesday-Blitz-April-02-2024"]
[Site "Chess.com"]
[Date "2024.04.02"]
[Round "10"]
[White "KetiTsatsalashvili"]
[Black "ChessBrainiacOnTwitch"]
[Result "0-1"]
[WhiteElo "2414"]
[BlackElo "2791"]
[TimeControl "180+1"]
[EndTime "15:52:06 PDT"]
[Termination "ChessBrainiacOnTwitch won on time"]

1. d4 Nf6 2. Nf3 c5 3. d5 g6 4. c4 d6 5. Nc3 Bg7 6. e4 O-O 7. Bd3 e6 8. O-O exd5 9. exd5 Nbd7 10. h3 Re8 11. Bf4 Nb6 12. Qd2 a6 13. Rfe1 Qc7 14. Rxe8+ Nxe8 15. Re1 Bd7 16. Ne4 Bf5 17. b3 Bxe4 18.
Bxe4 Nf6 19. Bd3 Re8 20. g4 Qd8 21. Rxe8+ Nxe8 22. Qe3 Nd7 23. Bg5 Bf6 24. Bf4 Bg7 25.
Bg5 Nef6 26. Kg2 Kf8 27. Bf4 Qe7 28. Qd2 h5 29. g5 Ne8 30. Qe3 Ne5 31. Bxe5 dxe5 32.
Nd2 Nd6 33. h4 b6 34. a3 Qd7 35. Qh3 Qd8 36. Be4 f5 37. gxf6 Qxf6 38. Qd7 Bh6 39. Nf3 Nxe4 0-1

[Event "Late-Titled-Tuesday-Blitz-April-02-2024"]
[Site "Chess.com"]
[Date "2024.04.02"]
[Round "10"]
[White "Narek_Ghimoyan"]
[Black "karinachess1"]
[Result "1-0"]
[WhiteElo "2500"]
[BlackElo "2604"]
[TimeControl "180+1"]
[EndTime "15:52:07 PDT"]
[Termination "Narek_Ghimoyan won by resignation"]

1. d4 Nf6 2. c4 e6 3. Nf3 d5 4.
Nc3 Bb4 5. Bg5 h6 6. Bxf6 Qxf6 7.
e3 O-O 8. Rc1 c5 9. cxd5 cxd4 10. Qxd4 Qxd4 11. Nxd4 exd5 12. a3 Bxc3+ 13. Rxc3 Nc6 14. Nxc6 bxc6 15. Rxc6 Be6 16. Kd2 Rfb8 17. b4 Rb6 18. Rc7 d4 19. exd4 Rd6 20. Ke3 Rad8 21.
Rxa7 Rxd4 22. Be2 Bf5 23. Bf3 Rd3+ 24. Kf4 Bh7 25. Re1 g5+ 26. Kg3 Bf5 27. h3 h5 28.
Re5 Bg6 29. Rxg5 Kg7 30. Kh2 Kf6 31. Rc5 Rd2 32. Kg3 h4+ 33. Kxh4 Rxf2 34. Kg3 Ra2 35. h4 Rd3 36. Ra6+ Kg7 37. Rg5 Kf8 38. h5 Be4 39.
h6 Bxf3 40. gxf3 Ra1 41. h7 Rg1+ 42. Kf2 Rh1 43. Rg8+ Ke7 44. h8=Q Rd2+ 45. Ke3 Rdh2 46. Qe5+ 1-0

[Event "Late-Titled-Tuesday-Blitz-April-02-2024"]
[Site "Chess.com"]
[Date "2024.04.02"]
[Round "10"]
[White "Doublekk14"]
[Black "mightysmasher"]
[Result "0-1"]
[WhiteElo "2358"]
[BlackElo "2560"]
[TimeControl "180+1"]
[EndTime "15:52:07 PDT"]
[Termination "mightysmasher won on time"]

1. c4 e6 2. e4 d5 3. exd5 exd5 4. d4 c6 5. Nc3 Nf6 6. Nf3 Bd6 7. Bd3 O-O 8. O-O Bg4 9. Re1 Nbd7 10. h3 Bh5 11. c5 Bc7 12. Be3 b6 13. b4 Re8 14. b5 bxc5 15.
bxc6 Nb8 16. g4 Bg6 17. Bxg6 hxg6 18. dxc5 Nxc6 19. Bg5 Rxe1+ 20. Qxe1 Ba5 21. Bd2 Qe8 22. Nb5 Bxd2 23. Qxd2 Qe4 24. Nbd4 Ne5 25. Nxe5 Qxe5 26. Re1 Ne4 27. Qe3 Rc8 28. c6 Qd6 29. Kg2 a5 30. f4 Rb8 31. Re2 Rc8 32. Rc2 a4 33.
Nb5 Qb4 34. Qb6 Qb1 35. Re2 Qd3 0-1

[Event "Late-Titled-Tuesday-Blitz-April-02-2024"]
[Site "Chess.com"]
[Date "2024.04.02"]
[Round "10"]
[White "JaackCamel"]
[Black "Kostukov_Alex"]
[Result "1-0"]
[WhiteElo "2212"]
[BlackElo "2273"]
[TimeControl "180+1"]
[EndTime "15:52:08 PDT"]
[Termination "JaackCamel won on time"]

1. d4 g6 2. c4 Bg7 3. e4 d6 4. Nc3 e5 5. Nf3 exd4 6. Nxd4 Nc6 7. Be3 Nge7 8. Be2 O-O 9. O-O f5 10. f3 fxe4 11. fxe4 Rxf1+ 12. Bxf1 Ne5 13. h3 N7c6 14. Qd2 Nxd4 15. Bxd4 Be6 16. b3 Qh4 17. Bf2 Qe7 18. Re1 Bxh3 19. Nd5 Qd7 20. Qf4 Rf8 21. Qg3 Be6 22. Be3 Ng4 23. Bf4 Bd4+ 24. Be3 Bxe3+ 25. Nxe3 Nxe3 26. Qxe3 b6 27. Be2 1-0